 Dungeon Crawl Stone Soup version 0.19-a0-1201-gda63bca (webtiles) character file.

14716 kroki the Cleaver (level 12, 0/77 HPs)
             Began as a Gargoyle Berserker on Aug 20, 2016.
             Was an Elder of Trog.
             Slain by a wolf (6 damage)
             ... in an ice cave.
             The game lasted 00:13:16 (13943 turns).

kroki the Cleaver (Gargoyle Berserker)             Turns: 13943, Time: 00:13:17

Health: 0/77       AC: 24    Str: 28    XL:     12   Next: 19%
Magic:  18/18      EV:  9    Int:  8    God:    Trog [****..]
Gold:   333        SH:  0    Dex: 13    Spells: 0 memorised, 11 levels left

rFire  + + .     SeeInvis .     a - +1 hand axe (elec)
rCold  . . .     Gourm    +     I - +0 storm dragon armour {rElec}
rNeg   + . .     Faith    .     (no shield)
rPois  ∞         Spirit   .     x - +0 helmet
rElec  +         Dismiss  .     k - +0 cloak {+Inv}
rCorr  .         Reflect  .     (no gloves)
MR     +++..     Harm     .     j - -2 pair of boots of Refuge {rElec rF++}
Stlth  ..........               h - amulet of the gourmand {Gourm, !d}
                                v - +6 ring of strength
                                r - ring of protection from magic {MR+, !d}

@: exhausted, regenerating, slowed, very slow
A: negative energy resistance 1, electricity resistance, unbreathing,
petrification resistance, rot immunity, AC +8
a: Berserk, Trog's Hand, Brothers in Arms, Burn Spellbooks, Renounce Religion,
Evoke Invisibility


You were in an ice cave.
You worshipped Trog.
Trog was greatly pleased with you.
You were very full.

You visited 2 branches of the dungeon, and saw 11 of its levels.
You also visited: Ice Cave.

You collected 637 gold pieces.
You spent 304 gold pieces at shops.

Inventory:

Hand Weapons
 a - a +1 hand axe of electrocution (weapon)
 B - a +0 battleaxe of chopping
   (You took it off a wight on level 9 of the Dungeon)
Missiles
 A - 2 throwing nets {=f, !d}
Armour
 j - the -2 pair of boots of Refuge (worn) {rElec rF++}
   (You bought it in a shop on level 5 of the Dungeon)

   It greatly protects you from fire.
   It insulates you from electricity.
 k - a +0 cloak of invisibility (worn)
   (You bought it in a shop on level 5 of the Dungeon)
 w - the cursed +0 robe of Medwi {rElec rN++ Int-5 Stlth+, unknown}
   (You found it in an ice cave)

   It affects your intelligence (-5).
   It insulates you from electricity.
   It greatly protects you from negative energy.
   It makes you more stealthy.
   It has a curse placed upon it.
 x - a +0 helmet (worn)
   (You found it on level 4 of the Dungeon)
 C - a +0 plate armour
   (You took it off an orc warrior on level 6 of the Dungeon)
 I - a +0 storm dragon armour (worn) {rElec}
   (You found it on level 2 of the Dungeon)
Jewellery
 c - an uncursed ring of see invisible {sInv, !d}
   (You found it on level 3 of the Dungeon)
 h - an amulet of the gourmand (around neck) {Gourm, !d}
   (You found it on level 1 of the Dungeon)
 r - a ring of protection from magic (left hand) {MR+, !d}
   (You found it on level 2 of the Dungeon)
 v - a +6 ring of strength (right hand)
   (You found it on level 4 of the Dungeon)
Wands
 E - a wand of slowing (3/48)
   (You found it on level 9 of the Dungeon)
 K - a wand of random effects (20/48)
   (You found it in an ice cave)
 L - a wand of enslavement (15/24)
   (You found it on level 9 of the Dungeon)
Scrolls
 d - 3 scrolls of recharging
 m - a scroll of immolation {!r}
 n - 4 scrolls of teleportation
 t - 3 scrolls of remove curse
 G - 2 scrolls of brand weapon
 H - a scroll of fog
Potions
 e - 8 potions of curing
 g - 2 potions of heal wounds
 i - 2 potions of berserk rage {!q}
 l - a potion of might
 o - 3 potions of brilliance
 p - 3 potions of degeneration {!q}
 z - 2 potions of agility
 F - 2 potions of lignification {unknown}
Books
 b - a Necronomicon
   (You found it on level 6 of the Dungeon)
 s - a book of Misfortune
   (You found it on level 8 of the Dungeon)
 y - a book of Conjurations
   (You found it on level 9 of the Dungeon)
 D - a book of the Dragon
   (You found it on level 8 of the Dungeon)
Miscellaneous
 J - a disc of storms
   (You found it on level 9 of the Dungeon)
Comestibles
 f - 2 royal jellies
 q - 6 meat rations {@e2}
 u - 7 bread rations {@e1}


   Skills:
 + Level 10.2 Fighting
 * Level 11.4 Axes
 + Level 8.4 Armour
 + Level 1.7 Dodging
 - Level 9.1 Evocations


You had 11 spell levels left.
You didn't know any spells.

Dungeon Overview and Level Annotations

Branches:
Dungeon (9/15)             Temple (0/1) D:5             Orc (2/2) D:9
    Elf (0/3) Orc:2
   Lair: D:8-11

Altars:
Cheibriados
Dithmenos
Elyvilon
Kikubaaqudgha
Makhleb
Trog
Uskayaw

Shops:
D:5 [   D:7 ?**   Orc:2 %(


Innate Abilities, Weirdness & Mutations

You are resistant to torment.
Your stone body is resilient. (AC +8)
You are immune to poison.
You resist negative energy. (rN+)
You are resistant to electric shocks. (rElec)
You can survive without breathing.
You are immune to petrification.
You are immune to rotting.


Message History

You take 4 damage, and have 77/115 hp.
You hit the ice statue.
You are engulfed in freezing vapours.
The ice statue gestures at you. The bolt of cold hits you!
You take 15 damage, and have 62/115 hp.
You hit the ice statue.
You are engulfed in freezing vapours.
You take 3 damage, and have 59/115 hp.
You slice the ice statue!!
You are engulfed in freezing vapours.
You hit the ice statue. You closely miss the ice beast.
You are engulfed in freezing vapours.
You take 6 damage, and have 53/115 hp.
You hit the ice statue. You slash the ice beast!
You are engulfed in freezing vapours.
The ice statue gestures.
The ice beast barely misses you.
You take 1 damage, and have 52/115 hp.
You slice the ice statue!! You hit the ice beast.
There is a sudden explosion of sparks!
You kill the ice beast!
You are engulfed in freezing vapours.
You take 9 damage, and have 43/115 hp.
You hit the ice statue.
You are engulfed in freezing vapours.
The ice statue gestures at you. The freezing blast engulfs you!
You take 4 damage, and have 39/115 hp.
You hit the ice statue but do no damage.
You are engulfed in freezing vapours.
* * * LOW HITPOINT WARNING * * *
You take 10 damage, and have 29/115 hp.
You hit the ice statue but do no damage.
You hit the ice beast.
There is a sudden explosion of sparks!
You are engulfed in freezing vapours.
* * * LOW HITPOINT WARNING * * *
You take 4 damage, and have 25/115 hp.
You slash the ice statue!
You destroy the ice statue!
Trog accepts your kill.
The ice beast disappears in a puff of smoke!
You are engulfed in freezing vapours.
* * * LOW HITPOINT WARNING * * *
You take 6 damage, and have 19/115 hp.
You are engulfed in freezing vapours.
* * * LOW HITPOINT WARNING * * *
You see here a wolf corpse.
You take 5 damage, and have 14/115 hp.
You're standing in a cloud of freezing vapour!
Unknown command.
You're standing in a cloud of freezing vapour!
Unknown command.
You're standing in a cloud of freezing vapour!
Unknown command.
You feel a strong urge to attack something.
You start resting.
You are no longer berserk.
You are exhausted.
You feel yourself slow down.
You now have 10/77 hp.
You start resting.
A wolf comes into view.
You regained 3 hp, and now have 13/77 hp.
Unknown command.
A wolf is nearby!
You are too injured to fight recklessly!
A wolf is nearby!
You are too injured to fight recklessly!
The wolf howls!
The wolf bites you but does no damage. The wolf bites you but does no damage.
You barely miss the wolf. The wolf closely misses you.
The wolf bites you but does no damage.
You completely miss the wolf. The wolf bites you.
* * * LOW HITPOINT WARNING * * *
The wolf bites you but does no damage.
You take 1 damage, and have 13/77 hp.
The wolf bites you but does no damage. The wolf closely misses you.
You hit the wolf.
The wolf barely misses you. x2; The wolf closely misses you.
A wolf comes into view.
You closely miss the wolf.
The wolf howls!
The wolf bites you but does no damage.
You miss the wolf. The wolf bites you.
* * * LOW HITPOINT WARNING * * *
The wolf bites you but does no damage.
You take 4 damage, and have 10/77 hp.
You slash the wolf! You barely miss the wolf. The wolf bites you.
* * * LOW HITPOINT WARNING * * *
The wolf bites you.
* * * LOW HITPOINT WARNING * * *
The wolf completely misses you. The wolf bites you but does no damage.
You take 6 damage, and have 4/77 hp.
You hit the wolf but do no damage. You hit the wolf.
The wolf bites you but does no damage. The wolf closely misses you.
The wolf misses you. The wolf bites you but does no damage.
You miss the wolf. You hit the wolf.
There is a sudden explosion of sparks!
The wolf bites you but does no damage. x2; The wolf barely misses you. x2
Unknown command.
Your skin crawls.
You feel resistant to hostile enchantments.
You feel somewhat less full. The wolf bites you.
You die...

#..# ##.#
.# ##.#
#.. #.##
..# #.##
..# #..##
#.#
##..###..#
#..h#..#
##.@h..#
#..†.##
##..##
#..# ##.#
.## #


You could see 2 wolves.

Vanquished Creatures
  The ghost of braks the Arsonist, a journeyman HOFE of Kikubaaqudgha (IceCv)
  An orc high priest (Orc:2)
  An orc sorcerer (Orc:1)
  Maurice (D:8)
  An ice statue (IceCv)
  9 polar bears
  A troll (D:9)
  2 two-headed ogres
  The ghost of Ferkelamun the Changer, an amateur MfTm (D:4)
  A spriggan (D:9)
  15 yaks
  2 hippogriffs
  A hungry ghost (D:6)
  A steam dragon (D:9)
  3 wargs (Orc:1)
  6 orc warriors
  2 sky beasts
  A water moccasin (D:6)
  An ice beast (D:5)
  An eye of draining (D:8)
  A necrophage (D:7)
  4 ogres
  3 phantoms
  14 wolves (IceCv)
  2 centaurs
  5 giant frogs (D:7)
  A water moccasin zombie (D:7)
  A wyvern zombie (D:7)
  2 wyvern skeletons
  3 scorpions
  3 wights (D:9)
  5 crimson imps
  A centaur zombie (D:3)
  A quasit (D:5)
  A giant frog zombie (D:8)
  13 orc priests
  2 hounds
  4 giant frog skeletons
  A gnoll shaman (D:4)
  3 jellies
  2 centaur skeletons
  Ijyb (D:2)
  4 iguanas
  6 orc wizards
  6 worker ants
  A giant frog simulacrum (D:9)
  A hound zombie (D:3)
  4 hound skeletons
  5 worker ant zombies (D:3)
  11 adders
  5 gnolls (D:4)
  A shadow imp (D:6)
  3 white imps (D:9)
  A howler monkey simulacrum (D:9)
  An ufetubus (D:9)
  An ooze (D:2)
  3 adder skeletons
  2 adder zombies
  2 worms
  A dart slug (D:3)
  3 giant geckos
  43 orcs
  7 giant cockroaches
  11 goblins
  3 hobgoblins (D:2)
  6 jackals
  6 quokkas
  2 ball pythons
  14 bats
  A giant gecko skeleton (D:3)
  2 giant gecko zombies
  4 giant newts
  A jackal skeleton (D:3)
  A jackal zombie (D:3)
  3 kobolds
  8 rats
298 creatures vanquished.

Vanquished Creatures (collateral kills)
  An orc warlord (Orc:1)
  An orc warrior (Orc:1)
2 creatures vanquished.

Vanquished Creatures (others)
  A human (D:5)
  An orc wizard (D:5)
  An orc (Orc:1)
3 creatures vanquished.

Grand Total: 303 creatures vanquished

Notes
Turn   | Place    | Note
-------+----------+-------------------------------------------
     0 | D:1      | kroki the Gargoyle Berserker began the quest for the Orb.
     0 | D:1      | Reached XP level 1. HP: 14/14 MP: 1/1
   263 | D:1      | Reached skill level 3 in Axes
   263 | D:1      | Reached XP level 2. HP: 19/19 MP: 2/2
  1410 | D:2      | Reached skill level 4 in Fighting
  1410 | D:2      | Reached XP level 3. HP: 21/24 MP: 3/3
  1801 | D:2      | Noticed Ijyb
  1805 | D:2      | Reached ** piety under Trog
  1809 | D:2      | Killed Ijyb
  1809 | D:2      | Reached XP level 4. HP: 29/29 MP: 4/4
  2164 | D:2      | Reached skill level 4 in Axes
  2712 | D:3      | Reached XP level 5. HP: 15/34 MP: 5/5
  2721 | D:3      | HP: 8/34 [worker ant zombie (3)]
  3283 | D:3      | Reached skill level 5 in Fighting
  3319 | D:3      | Reached skill level 5 in Axes
  3319 | D:3      | Reached XP level 6. HP: 35/40 MP: 6/6
  4415 | D:4      | Reached *** piety under Trog
  4424 | D:4      | Reached XP level 7. HP: 44/44 MP: 7/7
  4691 | D:4      | Reached skill level 6 in Axes
  4977 | D:4      | Noticed Ferkelamun's ghost (amateur MfTm)
  4986 | D:4      | Killed Ferkelamun's ghost
  4986 | D:4      | Reached skill level 6 in Fighting
  5137 | D:5      | Entered Level 5 of the Dungeon
  5259 | D:5      | Reached skill level 3 in Armour
  5259 | D:5      | Reached XP level 8. HP: 33/51 MP: 8/8
  5465 | D:5      | Reached skill level 7 in Axes
  5774 | D:5      | Found a staircase to the Ecumenical Temple.
  5787 | D:5      | Found Cohoiq's Antique Armour Boutique.
  5794 | D:5      | Bought a pair of crude boots for 171 gold pieces
  5794 | D:5      | Bought a glowing cloak for 81 gold pieces
  5799 | D:5      | Identified the cursed -2 pair of boots of Refuge {rElec rF++} (You bought it in a shop on level 5 of the Dungeon)
  5836 | D:5      | Noticed a dagger
  5837 | D:5      | Noticed a hand axe
  5837 | D:5      | Found a hide-covered altar of Uskayaw.
  5916 | D:5      | Reached skill level 1 in Evocations
  6177 | D:5      | Reached skill level 4 in Armour
  6264 | D:5      | Found an ancient bone altar of Kikubaaqudgha.
  6816 | D:6      | Reached skill level 7 in Fighting
  6816 | D:6      | Reached skill level 2 in Evocations
  7031 | D:6      | Reached **** piety under Trog
  7223 | D:6      | Reached skill level 3 in Evocations
  7223 | D:6      | Reached XP level 9. HP: 54/57 MP: 11/11
  7289 | D:6      | Reached skill level 8 in Axes
  7848 | D:7      | Found a snail-covered altar of Cheibriados.
  7857 | D:7      | Reached skill level 4 in Evocations
  7864 | D:7      | Reached skill level 5 in Armour
  7939 | D:7      | Found a bloodstained altar of Trog.
  7993 | D:7      | Found a white marble altar of Elyvilon.
  8038 | D:7      | Found Bonie's General Store.
  8044 | D:7      | Found a bloodstained altar of Trog.
  8067 | D:7      | Found Xeitruc's General Store.
  8578 | D:7      | Found a burning altar of Makhleb.
  8728 | D:7      | Found Jeqimila's Magic Scroll Shop.
  8744 | D:7      | Bought a scroll of magic mapping for 52 gold pieces
  8765 | D:7      | Reached skill level 5 in Evocations
  8982 | D:7      | Received a gift from Trog
  9185 | D:8      | Noticed Maurice
  9241 | D:8      | Killed Maurice
  9241 | D:8      | Reached skill level 8 in Fighting
  9241 | D:8      | Reached skill level 9 in Axes
  9241 | D:8      | Reached XP level 10. HP: 60/64 MP: 12/14
  9435 | D:8      | Reached skill level 6 in Armour
  9435 | D:8      | Reached skill level 6 in Evocations
 10228 | D:8      | Got a shimmering pewter ring
 10372 | D:8      | Identified the ring "Xocvub" {rPois rN+++ Str+9 Dex-5 Slay-3} (You found it on level 8 of the Dungeon)
 10414 | D:9      | Received a gift from Trog
 11630 | D:9      | Found a staircase to the Orcish Mines.
 11654 | D:9      | Found a shadowy altar of Dithmenos.
 11680 | D:9      | Reached skill level 10 in Axes
 11680 | D:9      | Reached skill level 7 in Evocations
 11965 | D:9      | Received a gift from Trog
 11965 | D:9      | Reached skill level 9 in Fighting
 12099 | D:9      | Reached XP level 11. HP: 67/71 MP: 16/16
 12415 | Orc:1    | Entered Level 1 of the Orcish Mines
 12418 | Orc:1    | Noticed an orc warlord
 12418 | Orc:1    | Noticed an orc sorcerer
 12433 | Orc:1    | Reached skill level 7 in Armour
 12435 | Orc:1    | Killed an orc warlord
 12441 | Orc:1    | Killed an orc sorcerer
 12476 | Orc:2    | Entered Level 2 of the Orcish Mines
 12502 | Orc:2    | Found Uzus Ut Gyst's Food Shoppe.
 12504 | Orc:2    | Found a staircase to the Elven Halls.
 12549 | Orc:1    | You fall through a shaft!
 12549 | Orc:2    | Found Mecuza's Weapon Shop.
 12549 | Orc:2    | Noticed an orc high priest
 12558 | Orc:2    | HP: 22/106 [ynoxinul/iron shot[an orc high priest] (26)]
 12568 | Orc:2    | Killed an orc high priest
 12568 | Orc:2    | Reached skill level 8 in Evocations
 12598 | Orc:1    | Found a frozen archway.
 12607 | IceCv    | Entered an ice cave
 12876 | IceCv    | Noticed braks's ghost (journeyman HOFE)
 12888 | IceCv    | Killed braks's ghost
 13047 | IceCv    | Reached skill level 11 in Axes
 13295 | IceCv    | Reached skill level 8 in Armour
 13316 | IceCv    | Reached skill level 10 in Fighting
 13332 | IceCv    | Reached XP level 12. HP: 30/77 MP: 18/18
 13602 | IceCv    | Reached skill level 9 in Evocations
 13787 | IceCv    | Got a smoking robe
 13916 | IceCv    | HP: 25/115 [ice statue] (4)]
 13935 | IceCv    | HP: 13/77 [wolf (1)]
 13940 | IceCv    | HP: 5/77 [wolf (6)]
 13943 | IceCv    | Slain by a wolf

Vault maps used:
D:1:      minmay_arrival_hallway
D:2:      kennysheep_goblin_castle, first_bread
D:3:      serial_undead, serial_undead_e, serial_undead_b, serial_undead_d,
          serial_undead_b, serial_undead_f, serial_undead_d, serial_undead_e,
          serial_undead_c, serial_undead_a, serial_undead_a
D:4:      dk_rats_in_the_wall
D:5:      dancing_weapons_uskayaw, serial_shops, shop, tgw_kikubaaqudgha
D:6:      minmay_misc_feat_four_crosses
D:7:      grunt_temple_overflow_open, makhleb_blood_cavern_becter,
          kennysheep_mini_moat, serial_shops, shop, shop_scrolls,
          nicolae_shop_statue_plus, trog_book
D:8:      uniq_maurice
D:9:      orc_0_dummy, serial_ice, serial_ice_k, serial_ice_a, serial_ice_c,
          serial_ice_e, serial_ice_h, basic_altar, the_bakery,
          kennysheep_windowed_goal
Orc:1:    portal_ice_cave_entry_pillars_1, serial_shops, shop, uniq_erolcha
Orc:2:    st_orc_town, serial_shops, shop
IceCv:    ice_cave_caverns_01

Skill      XL: |  1  2  3  4  5  6  7  8  9 10 11 12 |
---------------+-------------------------------------+-----
Axes           | 3 4 5 6 7 9 10 11 | 11.4
Fighting       | 4 5 6 7 8 9 10 | 10.2
Armour         | 3 4 5 6 8 |  8.4
Evocations     | 3 5 7 8 9 |  9.1
Dodging        | |  1.7

Action                   |  1- 3 |  4- 6 |  7- 9 | 10-12 || total
-------------------------+-------+-------+-------+-------++-------
Melee: Hand axe          |    93 |   262 |   495 |   529 ||  1379
Invok: Berserk           |     1 |     3 |     7 |     7 ||    18
       Trog's Hand       |       |     1 |       |     5 ||     6
       Brothers in Arms  |       |       |       |     1 ||     1
  Use: Scroll            |     4 |     3 |    10 |    11 ||    28
 Stab: Distracted        |       |       |       |     1 ||     1
  Eat: Bread ration      |     1 |     1 |       |       ||     2
       Chunk             |       |    12 |    22 |    30 ||    64
       Meat ration       |       |     1 |       |       ||     1
       Beef jerky        |       |       |     2 |       ||     2
Armor: Animal skin       |    35 |    35 |       |       ||    70
       Chain mail        |       |   107 |   107 |       ||   214
       Leather armour    |       |     7 |       |       ||     7
       Plate armour      |       |       |   179 |   142 ||   321
       Storm dragon armo |       |       |       |   279 ||   279
Dodge: Dodged            |    83 |   146 |   190 |   254 ||   673

Vault maps used:
D:1:      minmay_arrival_hallway
D:2:      kennysheep_goblin_castle, first_bread
D:3:      serial_undead, serial_undead_e, serial_undead_b, serial_undead_d,
          serial_undead_b, serial_undead_f, serial_undead_d, serial_undead_e,
          serial_undead_c, serial_undead_a, serial_undead_a
D:4:      dk_rats_in_the_wall
D:5:      dancing_weapons_uskayaw, serial_shops, shop, tgw_kikubaaqudgha
D:6:      minmay_misc_feat_four_crosses
D:7:      grunt_temple_overflow_open, makhleb_blood_cavern_becter,
          kennysheep_mini_moat, serial_shops, shop, shop_scrolls,
          nicolae_shop_statue_plus, trog_book
D:8:      uniq_maurice
D:9:      orc_0_dummy, serial_ice, serial_ice_k, serial_ice_a, serial_ice_c,
          serial_ice_e, serial_ice_h, basic_altar, the_bakery,
          kennysheep_windowed_goal
Orc:1:    portal_ice_cave_entry_pillars_1, serial_shops, shop, uniq_erolcha
Orc:2:    st_orc_town, serial_shops, shop
IceCv:    ice_cave_caverns_01

Table legend:
 A = Turns spent in this place as a percentage of turns spent in the entire game.
 B = Non-inter-level travel turns spent in this place as a percentage of non-inter-level travel turns spent in the entire game.
 C = Inter-level travel turns spent in this place as a percentage of turns spent in this place.
 D = Turns resting spent in this place as a percentage of non-inter-level travel turns spent in this place.
 E = Turns spent auto-exploring this place as a percentage of non-inter-level travel turns spent in this place.
 F = Non-inter-level travel turns spent in this place divided by the number of levels of this place that you've seen.
                   A       B       C       D       E      F
               +-------+-------+-------+-------+-------+----------------------
         Total | 100.0 | 100.0 |   0.4 |   0.5 |   8.7 | 541.1
       Dungeon |  86.2 |  86.1 |   0.5 |   0.3 |   9.7 | 621.2
  Orcish Mines |   3.7 |   3.7 |   0.0 |   0.8 |   0.0 | 120.5
      Ice Cave |  10.1 |  10.2 |   0.0 |   1.4 |   2.9 | 661.0
               +-------+-------+-------+-------+-------+----------------------

Table legend:
 A = Kills in this place as a percentage of kills in entire the game.
 B = Kills by you in this place as a percentage of kills by you in the entire game.
 C = Kills by friends in this place as a percentage of kills by friends in the entire game.
 D = Other kills in this place as a percentage of other kills in the entire game.
 E = Experience gained in this place as a percentage of experience gained in the entire game.
 F = Experience gained in this place divided by the number of levels of this place that you have seen.
                   A       B       C       D       E      F
               +-------+-------+-------+-------+-------+----------------------
         Total | 100.0 | 100.0 | 100.0 | 100.0 | 100.0 | 1752.0
       Dungeon |  77.7 |  78.2 |   0.0 | 100.0 |  45.0 | 1052.3
  Orcish Mines |  11.0 |  10.4 | 100.0 |   0.0 |  18.5 | 1944.5
      Ice Cave |  11.3 |  11.4 |   0.0 |   0.0 |  36.5 | 7664.0
               +-------+-------+-------+-------+-------+----------------------
